 Seeded DCSS version 0.30.1-11-g7821555f0a (webtiles) character file.

Game seed: 3677821746841223284 (custom seed)

4 Psyclone the Conjurer (level 1, 10/10 HPs)
             Began as a Deep Elf Conjurer on Nov 7, 2023.
             Quit the game on level 1 of the Dungeon.
             The game lasted 00:00:06 (125 turns).

Psyclone the Conjurer (Deep Elf Conjurer)            Turns: 125, Time: 00:00:07

Health: 10/10      AC:  4    Str:  4    XL:     1   Next: 58%
Magic:  6/6        EV: 12    Int: 22    God:
Gold:   17         SH:  0    Dex: 13    Spells: 5/6 levels left

rFire   . . .        (no weapon)
rCold   . . .        (no shield)
rNeg    . . .        a - +0 robe
rPois   .            (no helmet)
rElec   .            (no cloak)
rCorr   .            (no gloves)
SInv    .            (no boots)
Will    .....        (no amulet)
Stlth   ++           (no ring)
HPRegen 0.21/turn    (no ring)
MPRegen 0.10/turn

%: no passive effects
@: no status effects
A: iridescent scales 1, sturdy frame 1, noise suppression
a: no special abilities


You were on level 1 of the Dungeon.
You visited 1 branch of the dungeon, and saw 1 of its levels.

You collected 17 gold pieces.

Inventory:

Armour
 a - a +0 robe (worn)
Scrolls
 c - a scroll of acquirement
Potions
 b - a potion of magic


   Skills:
 - Level 2.4 Dodging
 - Level 2.4 Stealth
 + Level 3.2 Spellcasting
 * Level 4.6 Conjurations


You had 5 spell levels left.
You knew the following spells:

 Your Spells              Type           Power      Damage    Failure   Level
a - Magic Dart            Conj           92%        1d7       1%          1

Your spell library contained the following spells:

 Spells                   Type           Power      Damage    Failure   Level
 Searing Ray              Conj           46%        2d6       2%          2
 Dazzling Flash           Conj/Hex       26%        N/A       14%         3
 Fulminant Prism          Conj/Hex       6%         3d7       43%         4
 Iskenderun's Mystic Bla  Conj/Tloc      13%        2d5       43%         4


Dungeon Overview and Level Annotations

Branches:
Dungeon (1/15) Zot: 5875

Altars:


Innate Abilities, Weirdness & Mutations

You are partially covered in iridescent scales. (AC +2)
Your movements are slightly less encumbered by armour. (ER -2)
You passively dampen the noise of your surroundings.


Message History

Press: ? - help, Shift-Dir - straight line, f - dart slug
Aim: a dart slug (asleep, 100% to hit)
The magic dart hits the dart slug.
The dart slug is heavily wounded.
The dart slug launches a dart at you. The slug dart hits you.
Ouch! That really hurt!
Casting: Magic Dart (safe; 1% risk of failure)
Confirm with . or Enter, or press ? or * to list all spells.
Aiming: Magic Dart (safe; 1% risk of failure)
Press: ? - help, Shift-Dir - straight line, f/p - dart slug
Aim: a dart slug (heavily wounded, 100% to hit)
The magic dart hits the dart slug.
You kill the dart slug!
A ball python comes into view.
You take 4 damage, and have 6/10 hp.
MASSIVE DAMAGE!!
You now have 4/6 mp.
Casting: Magic Dart (safe; 1% risk of failure)
Confirm with . or Enter, or press ? or * to list all spells.
Aiming: Magic Dart (safe; 1% risk of failure)
Press: ? - help, Shift-Dir - straight line, f - ball python
Aim: a ball python (asleep, 100% to hit)
The magic dart hits the ball python.
You kill the ball python!
A goblin comes into view. It is wielding a +0 club.
Casting: Magic Dart (safe; 1% risk of failure)
Confirm with . or Enter, or press ? or * to list all spells.
Aiming: Magic Dart (safe; 1% risk of failure)
Press: ? - help, Shift-Dir - straight line, f - goblin
Aim: a goblin, wielding a +0 club (asleep, 100% to hit)
The magic dart hits the goblin.
You kill the goblin!
Found 17 gold pieces.
Health restored: 10 You now have 17 gold pieces.
Found a scroll labelled RIECOA KURU.
c - a scroll labelled RIECOA KURU MP restored: 6 This is a scroll of acquirement!
Unknown command.
Are you sure you want to abandon this character and quit the game? (Confirm with "yes".)

#.# #.# #.# .# #.#
.#####.#
.#.....########
.#............# #
......#######.####.#
...........##.#.@..#
........>#.##.#.####
.......#.# #.#..#
.....#.#.# #.##.#
####.#.# # ##.##.# #
#.#.# #.)##.# .
#.#.# #.###.# ## #..
#.....# . .# #######


There were no monsters in sight!

Vanquished Creatures
  A dart slug (D:1)
  A goblin (D:1)
  A ball python (D:1)
3 creatures vanquished.

Notes
Turn   | Place    | Note
-------+----------+-------------------------------------------
     0 | D:1      | Psyclone the Deep Elf Conjurer began the quest for the Orb.
     0 | D:1      | Reached XP level 1. HP: 10/10 MP: 6/6
    21 | D:1      | Gained mutation: Your movements are slightly less
                  | encumbered by armour. (ER -2) [potion of mutation]
    21 | D:1      | Gained mutation: You passively dampen the noise of your
                  | surroundings. [potion of mutation]
    21 | D:1      | Gained mutation: You are partially covered in iridescent
                  | scales. (AC +2) [potion of mutation]
   125 | D:1      | Identified a scroll of acquirement
   125 | D:1      | Quit the game

Illustrated notes

Levels and vault maps discovered:
D:1:      scummos_arrival_forest, layout_basic, basic_ecumenical_altar

Action                     || total
---------------------------++-------
   Cast: Magic Dart        ||     4
    Use: Potion            ||     1
